 Dungeon Crawl Stone Soup version 0.26-a0-642-g67e99244d3 (webtiles) character file.

Game seed: 11801409084826457995

159 Descartes the Covert (level 5, -1/25 HPs)
             Began as a Felid Wanderer on Sept 22, 2020.
             Was a Follower of Elyvilon.
             Slain by a goblin
             ... wielding a +0 club
             ... led by Robin
              (3 damage)
             ... on level 4 of the Dungeon.
             The game lasted 00:05:58 (4023 turns).

Descartes the Covert (Felid Wanderer)               Turns: 4023, Time: 00:05:59

Health: -1/25      AC:  1    Str:  9    XL:     5   Next: 17%
Magic:  6/6        EV: 18    Int: 13    God:    Elyvilon [*.....]
Gold:   158        SH:  5    Dex: 16    Spells: 0/4 levels left
                                        Lives:  0   Deaths: 1

rFire    . . .     SeeInvis +     - Unarmed
rCold    . . .     Faith    .   (shield unavailable)
rNeg     . . .     Spirit   .   (armour unavailable)
rPois    .         Reflect  +   (helmet unavailable)
rElec    .         Harm     .   (cloak unavailable)
rCorr    .         Rampage  .   (gloves unavailable)
MR       .....                  (boots unavailable)
Stlth    ++++......             n - amulet of reflection
HPRegen  0.08/turn              (no ring)
MPRegen  0.10/turn              (no ring)

@: lethally poisoned (-1 -> -13), quick
A: very small, no armour, no weapons or thrown items, stealth, claws 1, fangs 3,
see invisible, speed 1, shaggy fur 1, sharp paws
a: Lesser Healing, Divine Protection, Renounce Religion


You were on level 4 of the Dungeon.
You worshipped Elyvilon.
Elyvilon was aware of your devotion.
You visited 1 branch of the dungeon, and saw 4 of its levels.

You collected 158 gold pieces.

Inventory:

Missiles
 h - 70 arrows
 i - 131 stones
Jewellery
 n - an amulet of reflection (around neck)
Scrolls
 a - 3 scrolls of teleportation {unknown}
 d - a scroll of enchant weapon {unknown}
 e - a scroll of noise {unknown}
 f - a scroll of immolation {unknown}
 j - 2 scrolls of remove curse
 k - 2 scrolls of enchant armour {unknown}
 m - 2 scrolls of identify {unknown}
Potions
 c - a potion of flight {unknown}
 g - a potion of stabbing
 l - a potion of degeneration {unknown}


   Skills:
 - Level 4.0 Fighting
 + Level 3.1 Dodging
 + Level 8.1 Stealth
 + Level 2.3 Unarmed Combat
 + Level 1.0 Transmutations
   Level 1.1 Evocations


You couldn't memorise any spells.
You knew the following spells:

 Your Spells              Type           Power        Failure   Level
a - Beastly Appendage     Tmut           #.....       21%         1
b - Wereblood             Tmut           #.......     30%         2
c - Sting                 Tmut/Pois      #...         26%         1

Your spell library contained the following spells:

 Spells                   Type           Power        Failure   Level
 Spider Form              Tmut/Pois      #.........   58%         3
 Ignite Poison            Fire/Tmut/Pois #.......     63%         3
 Ice Form                 Ice/Tmut       #.......     94%         4
 Blade Hands              Tmut           #.........   99%         5
 Yara's Violent Unravell  Hex/Tmut       #.........   100%        5


Dungeon Overview and Level Annotations

Branches:
Dungeon (4/15)
 Temple: D:4-7

Altars:
Elyvilon
Kikubaaqudgha
Vehumet

Annotations:
D:4 Sigmund


Innate Abilities, Weirdness & Mutations

You cannot wear armour.
You are incapable of wielding weapons or throwing items.
Your paws allow you to move quietly. (Stealth)
You have sharp claws.
You have razor-sharp teeth.
You have supernaturally acute eyesight. (SInv)
You cover ground quickly.
You are covered in fur. (AC +1)
Your sharp claws are effective at attacking unaware monsters.


Message History

The goblin barely misses you. The goblin closely misses you.
You claw Robin!
You kill Robin!
The goblin misses you. The goblin hits you.
* * * LOW HITPOINT WARNING * * *
The goblin closely misses you. The goblin barely misses you.
Items here: ))) [[ †.
You scratch the goblin.
You kill the goblin!
The goblin hits you with a +0 club.
* * * LOW HITPOINT WARNING * * *
You barely miss the goblin. The goblin closely misses you.
The goblin barely misses you.
You closely miss the goblin.
The goblin hits you with a +0 dagger of venom.
* * * LOW HITPOINT WARNING * * *
You are lethally poisoned!
The goblin hits you with a +0 club.
You die...

# ### ### #### #.
..# #.. #... ##..
#.# #.# .# #.##
g(... #.# #.# .#
#.#
......##.###g####.#
#.#
.........g@gg..(#.#
#.#
##..####.###.##)#.#
#.# #./.....#
#.##.#.# #.#
##>###### #.##.#.#
#.# #....(<# #.#
####.### #.##
####.# #..# #....#
##.#
####...##########..


You could see 4 goblins.

Vanquished Creatures
  A bullfrog (D:3)
  A worker ant (D:4)
  A hound skeleton (D:4)
  Robin (D:4)
  6 adders
  2 oozes (D:3)
  A worm (D:4)
  A dart slug (D:2)
  4 leopard geckos
  3 orcs (D:3)
  4 giant cockroaches
  11 goblins
  15 hobgoblins
  5 jackals
  5 kobolds
  A quokka (D:3)
  9 bats
  3 frilled lizards
  11 rats
85 creatures vanquished.

Vanquished Creatures (others)
  An ooze (D:2)
1 creature vanquished.

Grand Total: 86 creatures vanquished

Notes
Turn   | Place    | Note
-------+----------+-------------------------------------------
     0 | D:1      | Descartes the Felid Wanderer began the quest for the Orb.
     0 | D:1      | Descartes set off with the following items: a potion of
                  | heal wounds, a potion of haste, a potion of lignification,
                  | a potion of curing
     0 | D:1      | Reached XP level 1. HP: 11/11 MP: 2/2
   217 | D:1      | Reached skill level 2 in Stealth
   326 | D:1      | Reached skill level 3 in Stealth
   326 | D:1      | Reached XP level 2. HP: 13/15 MP: 3/3
   766 | D:2      | Reached skill level 4 in Stealth
   789 | D:2      | Reached XP level 3. HP: 9/18 MP: 4/4
  1057 | D:2      | Reached skill level 5 in Stealth
  1218 | D:2      | Found an ancient bone altar of Kikubaaqudgha.
  1596 | D:2      | Found a white marble altar of Elyvilon.
  1683 | D:2      | Became a worshipper of Elyvilon the Healer
  1758 | D:2      | Found a radiant altar of Vehumet.
  1796 | D:2      | Reached XP level 4. HP: 22/22 MP: 5/5
  1921 | D:3      | Noticed a bullfrog
  1978 | D:3      | Killed a bullfrog
  1978 | D:3      | Reached skill level 7 in Stealth
  1978 | D:3      | Reached XP level 5. HP: 7/25 MP: 6/6
  3286 | D:3      | Identified the Volume of Shape Shifting
  3294 | D:3      | Learned a level 1 spell: Beastly Appendage
  3297 | D:3      | Learned a level 2 spell: Wereblood
  3420 | D:3      | Learned a level 1 spell: Sting
  3497 | D:3      | Reached * piety under Elyvilon
  3666 | D:4      | Noticed Sigmund
  3670 | D:4      | Reached skill level 8 in Stealth
  3692 | D:4      | Killed from afar by Sigmund
  3693 | D:4      | Reached XP level 4. HP: -1/22 MP: 5/5
  3874 | D:4      | Reached skill level 1 in Transmutations
  3874 | D:4      | Reached XP level 5. HP: 25/25 MP: 6/6
  3989 | D:4      | Noticed Robin
  4019 | D:4      | Killed Robin
  4023 | D:4      | Slain by a goblin

Illustrated notes

Levels and vault maps discovered:
D:1:      psy_arrival_basics, layout_rooms, minmay_pentomino_q2
D:2:      minmay_evil_eye, layout_rooms, fiery_altar_vehumet,
          nicolae_overflow_crystal_walls, elyvilon_altar_3, dk_noncrumbling_2
D:3:      minmay_octagon_keep, layout_rooms
D:4:      layout_loops_corners, uniq_eustachio, uniq_natasha, uniq_sigmund,
          uniq_robin

Skill      XL: |  1  2  3  4  5 |
---------------+----------------+-----
Stealth        | 3 4 5 7 8 |  8.1
Dodging        | 3 |  3.1
Transmutations | 1 |  1.0
Fighting       | |  4.0
Unarmed Combat | |  2.3
Evocations     | |  1.1

Action                   |  1- 3 |  4- 6 || total
-------------------------+-------+-------++-------
Melee: Unarmed           |   124 |   208 ||   332
       Bite              |    12 |    21 ||    33
       Punch             |     2 |       ||     2
  Use: Potion            |     2 |     3 ||     5
       Scroll            |     1 |       ||     1
 Stab: Sleeping          |    10 |    13 ||    23
Armor: Skin              |    12 |    14 ||    26
Dodge: Dodged            |   137 |   195 ||   332
Block: Other             |       |    10 ||    10
       Reflection        |       |     1 ||     1

Table legend: (Time is in decaauts)
 A = Elapsed time spent in this place.
 B = Non-inter-level travel time spent in this place.
 C = Inter-level travel time spent in this place.
 D = Time resting spent in this place.
 E = Time spent auto-exploring this place.
 F = Levels seen in this place.
 G = Mean time per level.
                   A        B        C        D        E       F      G
               +--------+--------+--------+--------+--------+-----+--------+
         Total |   3652 |   3587 |     65 |    188 |   2719 |   4 |  913.0 |
       Dungeon |   3652 |   3587 |     65 |    188 |   2719 |   4 |  913.0 |
               +--------+--------+--------+--------+--------+-----+--------+

Top non-repeatable levels by time:
     D:3: 1679 daAuts
     D:2: 1002 daAuts
     D:1: 634 daAuts
     D:4: 334 daAuts
